 Dungeon Crawl Stone Soup version 0.18.1-48-g4cf74bf (webtiles) character file.

58 KingGeedorah the Changer (level 3, -4/28 HPs)
             Began as a Draconian Transmuter on July 23, 2016.
             Slain by a goblin
             ... wielding a +0 club
             ... led by Robin
              (8 damage)
             ... on level 2 of the Dungeon.
             The game lasted 00:02:23 (1568 turns).

KingGeedorah the Changer (Draconian Transmuter)     Turns: 1568, Time: 00:02:24

Health: -4/28      AC:  5    Str: 12    XL:     3   Next: 76%
Magic:  6/6        EV: 12    Int: 13    God:
Gold:   62         SH:  0    Dex: 12    Spells: 3 memorised, 0 levels left

rFire  . . .     SeeInvis .       - Unarmed
rCold  . . .     Gourm    .     (armour unavailable)
rNeg   . . .     Faith    .     (no shield)
rPois  .         Spirit   .     (helmet restricted)
rElec  .         Dismiss  .     (no cloak)
rCorr  .         Reflect  .     (no gloves)
SustAt .         Harm     .     (no boots)
MR     .....                    (no amulet)
Stlth  +.........               (no ring)
                                (no ring)

@: not resistant to hostile enchantments, very unstealthy
A: unfitting armour, cold-blooded, AC +5
a: no special abilities


You were on level 2 of the Dungeon.
You were hungry.

You visited 1 branch of the dungeon, and saw 2 of its levels.

You collected 62 gold pieces.

Inventory:

Missiles
 a - 41 arrows
Jewellery
 f - an uncursed ring of positive energy {unknown}
 h - an uncursed amulet of rage {unknown}
Scrolls
 d - a scroll of blinking {unknown}
 e - 4 scrolls of remove curse {unknown}
 g - 2 scrolls of identify {unknown}
 j - a scroll of teleportation {unknown}
Potions
 i - 2 potions of curing {unknown}
 l - 2 potions of magic {unknown}
Books
 b - a book of Changes

   Spells                             Type                      Level
   a - Beastly Appendage              Transmutation                1
   b - Sticks to Snakes               Transmutation                2
   c - Spider Form                    Transmutation/Poison         3
   d - Ice Form                       Ice/Transmutation            4
   e - Blade Hands                    Transmutation                5
Comestibles
 c - 2 bread rations
 k - a meat ration


   Skills:
 - Level 1.1 Fighting
 - Level 1.7 Dodging
 - Level 3.0 Unarmed Combat
 - Level 2.0 Spellcasting
 + Level 4.1 Transmutations


You couldn't memorise any spells.
You knew the following spells:

 Your Spells              Type           Power        Failure   Level  Hunger
a - Beastly Appendage     Trmt           ##....       6%          1    ##.....
b - Sticks to Snakes      Trmt           ##......     10%         2    ###....
c - Spider Form           Trmt/Pois      #.........   34%         3    ####...


Dungeon Overview and Level Annotations

Branches:
Dungeon (2/15)

Altars:

Annotations:
D:2 Robin


Innate Abilities, Weirdness & Mutations

Your plain brown scales are hard (AC +5).
Your body does not fit into most forms of armour.
You are cold-blooded and may be slowed by cold attacks.


Message History

You kill the goblin!
The goblin barely misses you. The hobgoblin misses you.
The goblin closely misses you. x2; The goblin hits you but does no damage.
You closely miss the goblin. The goblin hits you but does no damage.
The goblin closely misses you. The hobgoblin completely misses you.
The goblin barely misses you. The goblin closely misses you.
The goblin hits you.
The teleport trap disappears.
The goblin disappears!
The goblin unwields an uncursed dagger.
The goblin wields a hunting sling.
The goblin shoots a stone.
The stone hits you.
You see here a stone.
Unknown command.
Robin throws the goblin at you! The goblin hits you but does no damage.
Robin throws the goblin at you! The goblin barely misses you. x2
The goblin hits you with a club.
* * * LOW HITPOINT WARNING * * *
You hit the goblin. You tail-slap the goblin.
The goblin is severely wounded.
The hobgoblin barely misses you. The goblin hits you with a club!
You die...

#####..########
##########.#
#......# #.#
#......###'###
#............#
#............#####
###................#
#.....g............#
#...g@#............#
#...gg#............#
#.gggg#............#
#....g#......#'#####
#)g...#......#..#
#.g...#########.##
.......# #..#
....#'#### ##.##
......#.# #..#


You could see Robin, 3 hobgoblins and 7 goblins.

Vanquished Creatures
  A worm (D:2)
  2 dart slugs (D:1)
  A giant gecko (D:1)
  4 ball pythons
  5 bats
  3 giant cockroaches (D:1)
  6 goblins
  4 hobgoblins
  7 jackals (D:1)
  7 kobolds
  A giant newt (D:1)
  2 rats
43 creatures vanquished.

Notes
Turn   | Place    | Note
--------------------------------------------------------------
     0 | D:1      | KingGeedorah the Draconian Transmuter began the quest for the Orb.
     0 | D:1      | Reached XP level 1. HP: 16/16 MP: 3/3
   127 | D:1      | Reached XP level 2. HP: 23/23 MP: 5/5
   200 | D:1      | Reached skill level 3 in Transmutations
   517 | D:1      | Reached XP level 3. HP: 16/28 MP: 6/6
   819 | D:2      | Learned a level 2 spell: Sticks to Snakes
   823 | D:2      | Learned a level 3 spell: Spider Form
  1222 | D:1      | Reached skill level 4 in Transmutations
  1556 | D:2      | Noticed Robin
  1568 | D:2      | Slain by a goblin

Skill      XL: |  1  2  3 |
---------------+----------+-----
Transmutations | 3 4 |  4.1
Fighting       | |  1.1
Dodging        | |  1.7
Unarmed Combat | |  3.0
Spellcasting   | |  2.0

Action                   || total
-------------------------++-------
Melee: Unarmed           ||   145
       Tailslap          ||     8
       Punch             ||     1
       Kick              ||     2
 Cast: Spider Form       ||     2
       Sticks to Snakes  ||     1
       Beastly Appendage ||     1
 Stab: Sleeping          ||     2
  Eat: Chunk             ||     2
Armor: Skin              ||    47
Dodge: Dodged            ||   111
